 Dungeon Crawl Stone Soup version 0.30.1 (webtiles) character file.

Game seed: 17053530358393003982

65 Graphine the Shooter (level 3, 0/22 HPs)
             Began as a Deep Elf Hunter on July 11, 2023.
             Succumbed to an adder's poison
             ... on level 2 of the Dungeon.
             The game lasted 00:03:02 (977 turns).

Graphine the Shooter (Deep Elf Hunter)               Turns: 977, Time: 00:03:03

Health: 0/22       AC:  3    Str:  8    XL:     3   Next: 92%
Magic:  5/5        EV: 14    Int: 15    God:
Gold:   60         SH:  0    Dex: 24    Spells: 2/2 levels left

rFire   . . .        f - staff of poison
rCold   . . .        (no shield)
rNeg    . . .        i - +0 robe
rPois   +            (helmet restricted)
rElec   .            (no cloak)
rCorr   .            m - +0 pair of gloves
SInv    .            (no boots)
Will    .....        (no amulet)
Stlth   ++           o - +6 ring of dexterity
HPRegen 0.23/turn    (no ring)
MPRegen 0.09/turn

%: no passive effects
@: lethally poisoned (0 -> -1), attractive
A: beak, devolution 1
a: no special abilities


You were on level 2 of the Dungeon.
You visited 1 branch of the dungeon, and saw 2 of its levels.

You collected 60 gold pieces.

Inventory:

Hand Weapons
 a - a +0 shortbow
 d - the +9 short sword of Utanem {speed, Int+4}
   (You found it on level 2 of the Dungeon)

   Int:       It affects your intelligence (+4).
 e - a +1 short sword of venom
 n - a +2 dagger of draining
Armour
 c - a +0 leather armour
 i - a +0 robe (worn)
 m - a +0 pair of gloves (worn)
Magical Staves
 f - a staff of poison (weapon)
 p - a staff of death
Jewellery
 o - a +6 ring of dexterity (left hand)
Wands
 k - a wand of mindburst (20)
Scrolls
 b - a scroll of immolation
 h - 2 scrolls of fear
Potions
 j - a potion of haste


   Skills:
 + Level 2.3 Fighting
 + Level 6.0 Ranged Weapons
 + Level 3.6 Dodging
 - Level 1.2 Stealth


You had 2 spell levels left.
You didn't know any spells.
Your spell library was empty.

Dungeon Overview and Level Annotations

Branches:
Dungeon (2/15)

Altars:


Innate Abilities, Weirdness & Mutations

You have a beak for a mouth.
You have hidden genetic defects.


Message History

You kill the adder!
You feel sick.
You are no longer poisoned.
The adder bites you.
You are poisoned.
The adder poisons you!
Your Ranged Weapons skill increases to level 6!
You feel clever.
Your hands tingle!
d - the +9 short sword of Utanem (weapon)
{speed, Int+4} You feel sick.
The adder bites you.
You are lethally poisoned!
The adder poisons you!
You puncture the adder!
You kill the adder!
You feel sick.
It was a potion of attraction.
You feel attractive to monsters.
You feel sick.
Okay, then.
Okay, then.
f - a staff of poison (weapon)
* * * LOW HITPOINT WARNING * * *
You feel sick.
* * * LOW HITPOINT WARNING * * *
You feel sick.
* * * LOW HITPOINT WARNING * * *
You feel sick.
Really quaff the potion of mutation?
You feel extremely strange.
You feel a hidden malignance growing inside you.
Your mouth lengthens and hardens into a beak!
* * * LOW HITPOINT WARNING * * *
You feel sick.
There is a lethal amount of poison in your body!
* * * LOW HITPOINT WARNING * * *
You feel sick.
* * * LOW HITPOINT WARNING * * *
You feel sick.
You die...

...##.# ##........
##. #.# ##...##### #.
#.#####.........
#(##..##...........
.##....†...##....(.†.
........#####........
##..........#........
#.###...##..........
. #..@.............
#...$........###..
#............#
#..[........
..#..........
...##...##...# ...
##### #### ..


There were no monsters in sight!

Vanquished Creatures
  3 adders (D:2)
  A worm (D:2)
  6 ball pythons (D:1)
  3 bats
  4 endoplasms
  2 giant cockroaches
  2 goblins (D:1)
  2 kobolds
  2 quokkas
  4 frilled lizards (D:1)
  5 rats (D:1)
34 creatures vanquished.

Notes
Turn   | Place    | Note
-------+----------+-------------------------------------------
     0 | D:1      | Graphine the Deep Elf Hunter began the quest for the Orb.
     0 | D:1      | Reached XP level 1. HP: 12/12 MP: 3/3
   158 | D:1      | Reached XP level 2. HP: 8/17 MP: 4/4
   844 | D:2      | Reached XP level 3. HP: 21/21 MP: 5/5
   844 | D:2      | Identified the +9 short sword of Utanem {speed, Int+4}
   968 | D:2      | Reached skill level 6 in Ranged Weapons
   974 | D:2      | Gained mutation: You have hidden genetic defects. [potion
                  | of mutation]
   974 | D:2      | Gained mutation: You have a beak for a mouth. [potion of
                  | mutation]
   976 | D:2      | HP: 1/22 [poisoned by an adder]
   977 | D:2      | Succumbed to an adder's poison

Illustrated notes

Levels and vault maps discovered:
D:1:      matt_arrival_refuge, layout_basic
D:2:      layout_rooms, chequers_ecumenical_altar_island, basic_altar

Skill      XL: |  1  2  3 |
---------------+----------+-----
Dodging        | 3 |  3.6
Fighting       | 2 |  2.3
Ranged Weapons | 6 |  6.0
Stealth        | |  1.2

Action                     || total
---------------------------++-------
  Melee: Short sword       ||     8
   Fire: Shortbow          ||    72
    Use: Scroll            ||     5
         Potion            ||     2
 Armour: Robe              ||     5
  Dodge: Dodged            ||    14
